 Dungeon Crawl Stone Soup version 0.30-a0-691-g754fce4c43 (webtiles) character file.

Game seed: 18400256817930863158

866 bobo the Caller (level 8, -8/61 HPs)
             Began as a Merfolk Summoner on Jan 19, 2023.
             Was a Follower of Nemelex Xobeh.
             Mangled by Maggie
             ... wielding a +0 morningstar of flaming
              (19 damage)
             ... on level 6 of the Dungeon.
             The game lasted 00:17:20 (4462 turns).

bobo the Caller (Merfolk Summoner)                  Turns: 4462, Time: 00:17:21

Health: -8/61      AC:  5    Str:  8    XL:     8   Next: 3%
Magic:  10/14      EV: 12    Int: 16    God:    Nemelex Xobeh [*.....]
Gold:   150        SH:  4    Dex: 15    Spells: 7/16 levels left

rFire   . . .      SeeInvis .    g - +0 trident (flame)
rCold   . . .      Faith    .    o - +0 buckler
rNeg    . . .      Spirit   .    c - +0 leather armour
rPois   .          Reflect  .    k - +2 hat
rElec   .          Harm     .    (no cloak)
rCorr   +          Rampage  .    (no gloves)
Will    .....                    (no boots)
Stlth   ++                       (no amulet)
HPRegen 0.30/turn                f - ring of resist corrosion
MPRegen 0.14/turn                (no ring)

@: mesmerised
A: (nimble swimmer 2), mertail
a: Renounce Religion, Draw Escape, Draw Destruction, Draw Summoning


You were on level 6 of the Dungeon.
You worshipped Nemelex Xobeh.
Nemelex Xobeh was aware of your devotion.
You visited 2 branches of the dungeon, and saw 6 of its levels.

You collected 150 gold pieces.

Inventory:

Hand Weapons
 g - a +0 trident of flaming (weapon)
Armour
 c - a +0 leather armour (worn)
 k - a +2 hat (worn)
 o - a +0 buckler (worn)
 s - a scarf of invisibility
Jewellery
 a - an amulet of faith
 f - a ring of resist corrosion (left hand)
 n - a ring of flight
Wands
 e - a wand of polymorph (8)
 i - a wand of charming (4)
Scrolls
 h - a scroll of identify
 q - 2 scrolls of poison
Potions
 b - 2 potions of magic
 d - 2 potions of curing
 j - 3 potions of berserk rage
 l - a potion of lignification {unknown}
 m - a potion of might {unknown}
 p - a potion of cancellation {unknown}
 r - a potion of flight {unknown}


   Skills:
 + Level 4.6 Fighting
 + Level 3.8 Polearms
 + Level 3.4 Dodging
 - Level 2.1 Stealth
 + Level 1.4 Shields
 + Level 4.5 Spellcasting
 + Level 6.0 Summonings


You had 7 spell levels left.
You knew the following spells:

 Your Spells              Type           Power      Damage    Failure   Level
a - Summon Small Mammal   Summ           88%        N/A       2%          1
b - Call Imp              Summ           22%        N/A       3%          2
c - Call Canine Familiar  Summ           22%        N/A       8%          3
d - Summon Guardian Gole  Hex/Summ       13%        N/A       26%         3

Your spell library contained the following spells:

 Spells                   Type           Power      Damage    Failure   Level
 Summon Lightning Spire   Summ/Air       13%        N/A       65%         4


Dungeon Overview and Level Annotations

Branches:
Dungeon (6/15)             Temple (1/1) D:4

Altars:
Cheibriados
Elyvilon
Gozag
Hepliaklqana
Nemelex Xobeh
Okawaru
Qazlal
Ru
Sif Muna
Trog
Uskayaw
Vehumet
Xom
Zin
The Shining One

Annotations:
D:6 Maggie


Innate Abilities, Weirdness & Mutations

((You are very nimble when in or above water. (Stealth+, EV+, Speed+++)))
Your lower body shifts to a powerful aquatic tail in water.


Message History

Maggie barely misses your hound.
Casting: Call Canine Familiar (dangerous; 8% risk of failure)
Confirm with . or Enter, or press ? or * to list all spells.
A beastly little devil appears in a puff of flame.
Your hound closely misses Maggie.
Your hound bites Maggie but does no damage.
Maggie hits your hound with a +0 morningstar of flaming!
Maggie burns your hound.
Your hound dies!
Your hound's corpse disappears in a puff of smoke!
Casting: Call Imp (safe; 3% risk of failure)
Confirm with . or Enter, or press ? or * to list all spells.
Maggie zaps a wand.
The mass of ice explodes!
The iceblast engulfs you! The iceblast engulfs your crimson imp.
Your crimson imp is frozen!
You swap places.
Your crimson imp blinks!
Maggie casts a spell.
Maggie attempts to bespell you!
You are mesmerised by Maggie!
You cannot move away from Maggie!
A wight comes into view. It is wielding a +0 flail.
Your crimson imp blinks!
You draw a card...
You have drawn the Cloud.
Clouds appear around you!
The deck of cards glows with a rainbow of weird colours and disappears.
You cannot move away from Maggie!
You hit Maggie but do no damage. You block Maggie's attack.
You hit Maggie but do no damage.
Your crimson imp hits Maggie but does no damage.
Maggie gestures at you while chanting. The bolt of fire hits you!!
* * * LOW HITPOINT WARNING * * *
The bolt of fire hits your hound!!
Your hound dies!
Your hound's corpse disappears in a puff of smoke!
Okay, then.
It was a potion of curing.
You feel better.
Your crimson imp misses Maggie.
Maggie hits you with a +0 morningstar of flaming!!
You die...
Your body disappears without a glow.

#.# .#
#.# .#
#z# .#
#.# ..
#5# #§#
#5# #@#
#@# #§#
#.#
#.#######
#......<#
#.#######
###


You could see Maggie (mesmerising, ally target) and a friendly crimson imp
(summoned).

Vanquished Creatures
  A necrophage (D:4)
  A scorpion (D:4)
  A wight (D:5)
  A nameless horror (D:5)
  A hound (D:5)
  2 iguanas
  2 orc wizards (D:6)
  A shadow imp (D:5)
  A dart slug (D:4)
  An orc (D:4)
  2 endoplasms (D:1)
  A giant cockroach (D:4)
  2 ball pythons (D:1)
  A frilled lizard (D:1)
  2 goblins
  3 kobolds
23 creatures vanquished.

Vanquished Creatures (collateral kills)
  A steam dragon (D:5)
  2 ogres (D:5)
  A gnoll sergeant (D:5)
  A necrophage (D:5)
  A howler monkey (D:5)
  3 adders
  3 gnolls (D:5)
  2 dart slugs
  2 orcs
  3 goblins
  4 hobgoblins
  A quokka (D:1)
  6 ball pythons
  3 frilled lizards
  4 kobolds
  5 rats
42 creatures vanquished.

Vanquished Creatures (others)
  An orc (D:6)
1 creature vanquished.

Grand Total: 66 creatures vanquished

Notes
Turn   | Place    | Note
-------+----------+-------------------------------------------
     0 | D:1      | bobo the Merfolk Summoner began the quest for the Orb.
     0 | D:1      | Reached XP level 1. HP: 13/13 MP: 3/3
   239 | D:1      | Reached XP level 2. HP: 20/20 MP: 1/5
   266 | D:1      | Reached skill level 1 in Fighting
   345 | D:1      | Learned a level 2 spell: Call Imp
  1175 | D:2      | Found a hide-covered altar of Uskayaw.
  1332 | D:2      | You fall into a shaft and drop 2 floors!
  1354 | D:4      | Reached XP level 3. HP: 26/26 MP: 3/6
  1398 | D:4      | Noticed a scorpion
  1409 | D:4      | Killed a scorpion
  1410 | D:4      | Reached XP level 4. HP: 17/33 MP: 2/8
  1416 | D:4      | Learned a level 3 spell: Call Canine Familiar
  1602 | D:4      | Noticed a necrophage
  1619 | D:4      | Killed a necrophage
  1620 | D:4      | Reached XP level 5. HP: 35/40 MP: 2/9
  1627 | D:4      | Found a staircase to the Ecumenical Temple.
  1640 | Temple   | Entered the Ecumenical Temple
  1741 | Temple   | Upgraded the game from 0.30-a0-672-gc3a7216ad8 to
                  | 0.30-a0-691-g754fce4c43
  1759 | Temple   | Became a worshipper of Nemelex Xobeh the Trickster
  1876 | D:4      | Found a glowing golden altar of the Shining One.
  1886 | D:4      | Reached skill level 5 in Summonings
  2155 | D:4      | Found a radiant altar of Vehumet.
  2800 | D:5      | Entered Level 5 of the Dungeon
  2868 | D:5      | Found a white marble altar of Elyvilon.
  3155 | D:5      | Reached skill level 1 in Polearms
  3155 | D:5      | Reached XP level 6. HP: 47/47 MP: 8/11
  3159 | D:5      | Learned a level 3 spell: Summon Guardian Golem
  3221 | D:5      | Reached * piety under Nemelex Xobeh
  3322 | D:5      | Received a gift from Nemelex Xobeh
  3332 | D:5      | Noticed a steam dragon
  3339 | D:5      | Reached XP level 7. HP: 52/53 MP: 9/13
  3346 | D:5      | Killed a steam dragon
  3468 | D:5      | Identified the +0 hand axe "Gigas" {flame, rElec rF+++
                  | Str-2 Dex+3}
  3887 | D:5      | Reached skill level 1 in Shields
  4417 | D:6      | Noticed Maggie
  4424 | D:6      | Reached skill level 6 in Summonings
  4424 | D:6      | Reached XP level 8. HP: 39/61 MP: 10/14
  4461 | D:6      | HP: 2/61 [Maggie/bolt of fire (22)]
  4462 | D:6      | Mangled by Maggie

Illustrated notes

Levels and vault maps discovered:
D:1:      elethiomel_arrival_infinity_welcomes_careful_drivers, layout_rooms,
          grunt_decor_one_mirror, minivault_23, minmay_misc_feat_diagonals
D:2:      layout_loops_ring, basic_altar, minmay_puff
D:4:      layout_basic, nicolae_vehumet_altar_sigil,
          mainiacjoe_overflow_six_doors_small,
          minmay_temple_entry_gardened_gates
D:5:      layout_cave_pods, mainiacjoe_overflow_chevrons
D:6:      layout_basic, uniq_duvessa, uniq_blork_the_orc, uniq_maggie,
          uniq_menkaure
Temple:   nicolae_temple_ecumenical_triangle

Skill      XL: |  1  2  3  4  5  6  7 |
---------------+----------------------+-----
Fighting       | 1 2 3 4 |  4.6
Spellcasting   | 3 4 |  4.5
Summonings     | 5 6 |  6.0
Polearms       | 1 2 3 |  3.8
Dodging        | 3 |  3.4
Shields        | 1 |  1.4
Stealth        | |  2.1

Action                   |  1- 3 |  4- 6 |  7- 9 || total
-------------------------+-------+-------+-------++-------
Melee: Club              |     4 |       |       ||     4
       Unarmed           |     1 |       |       ||     1
       Short sword       |    15 |    19 |       ||    34
       Dagger            |     9 |       |       ||     9
       Punch             |     1 |       |       ||     1
       Trident           |       |    22 |    57 ||    79
 Cast: Summon Small Mamm |    22 |     6 |     2 ||    30
       Call Imp          |     9 |    12 |     7 ||    28
       Call Canine Famil |       |    12 |     6 ||    18
Invok: Draw Summoning    |       |     1 |     2 ||     3
       Draw Destruction  |       |       |     2 ||     2
       Draw Escape       |       |       |     3 ||     3
Evoke: Wand              |       |       |     1 ||     1
  Use: Scroll            |     4 |     2 |       ||     6
       Potion            |       |       |     1 ||     1
 Stab: Sleeping          |       |     1 |       ||     1
       Distracted        |       |     1 |       ||     1
Armor: Leather armour    |     5 |     4 |    20 ||    29
Dodge: Dodged            |    24 |    13 |    48 ||    85
Block: Buckler           |       |       |    11 ||    11

Table legend: (Time is in decaauts)
 A = Elapsed time spent in this place.
 B = Non-inter-level travel time spent in this place.
 C = Inter-level travel time spent in this place.
 D = Time resting spent in this place.
 E = Time spent auto-exploring this place.
 F = Levels seen in this place.
 G = Mean time per level.
                   A        B        C        D        E       F      G
               +--------+--------+--------+--------+--------+-----+--------+
         Total |   4472 |   4167 |    305 |    222 |   3083 |   6 |  745.3 |
       Dungeon |   4348 |   4047 |    301 |    222 |   3002 |   5 |  869.6 |
        Temple |    124 |    120 |      4 |      0 |     81 |   1 |  124.0 |
               +--------+--------+--------+--------+--------+-----+--------+

Top non-repeatable levels by time:
     D:5: 1547 daAuts
     D:4: 1377 daAuts
     D:1: 985 daAuts
     D:2: 341 daAuts
  Temple: 124 daAuts
     D:6: 95 daAuts
